 Dungeon Crawl Stone Soup version 0.29-a0-563-g64e4043184 (webtiles) character file.

Game seed: 4878572716757001589

12101 dohliylev the Nimble (level 11, -5/105 HPs)
             Began as a Troll Warper on June 11, 2022.
             Was a High Priest of Okawaru.
             Killed by divine providence
             ... invoked by a meliai
              (13 damage)
             ... on level 12 of the Dungeon.
             The game lasted 00:31:37 (10090 turns).

dohliylev the Nimble (Troll Warper)                Turns: 10090, Time: 00:31:37

Health: -5/105     AC:  6    Str: 33    XL:     11   Next: 58%
Magic:  12/12      EV: 15    Int:  4    God:    Okawaru [*****.]
Gold:   1070       SH: 12    Dex:  9    Spells: 11/13 levels left

rFire   . . .      SeeInvis .     - Unarmed
rCold   x . .      Faith    .   C - +0 kite shield
rNeg    + + +      Spirit   .   a - +0 robe
rPois   +          Reflect  +   (helmet restricted)
rElec   .          Harm     .   I - +1 cloak {rPois}
rCorr   .          Rampage  .   (gloves unavailable)
Will    .....                   (boots unavailable)
Stlth   +.........              G - amulet "Ulodapp" {Reflect rC- rN+++ Str+8 Int-5 SH+5}
HPRegen 1.07/turn               l - +4 ring of evasion
MPRegen 0.13/turn               o - ring of flight

@: flying
A: large, unfitting armour, claws 3, regeneration 1, shaggy fur 1, tough skin 1
a: Renounce Religion, Heroism, Finesse, Duel


You were on level 12 of the Dungeon.
You worshipped Okawaru.
Okawaru was extremely pleased with you.
You visited 1 branch of the dungeon, and saw 12 of its levels.
You also visited: Ossuary.

You collected 1070 gold pieces.

Inventory:

Hand Weapons
 b - a +0 giant spiked club of venom
Missiles
 c - 7 boomerangs of dispersal
 t - 12 boomerangs
 D - 2 javelins
 K - 5 large rocks (quivered)
Armour
 a - a +0 robe (worn)
 C - a +0 kite shield (worn)
 I - a +1 cloak of poison resistance (worn)
Jewellery
 l - a +4 ring of evasion (left claw)
 o - a ring of flight (right claw)
 G - the amulet "Ulodapp" (around neck) {Reflect rC- rN+++ Str+8 Int-5 SH+5}
   (You took it off an orc priest on level 8 of the Dungeon)

   [amulet of reflection]

   It reflects blocked missile attacks.
   Str:       It affects your strength (+8).
   Int:       It affects your intelligence (-5).
   rC:        It makes you vulnerable to cold.
   rN:        It renders you almost immune to negative energy.
   SH:        It affects your SH (+5).
Wands
 m - a wand of flame (12)
 v - a wand of paralysis (7)
 E - a wand of digging (2)
 F - a wand of acid (13)
 J - a wand of iceblast (12)
 L - a wand of mindburst (7)
Scrolls
 g - 2 scrolls of amnesia
 i - 7 scrolls of teleportation
 k - a scroll of fog
 q - a scroll of poison
 r - 2 scrolls of fear
 w - 5 scrolls of identify
 y - a scroll of torment
Potions
 d - 2 potions of mutation
 e - 3 potions of ambrosia
 f - 10 potions of curing
 h - 3 potions of flight
 j - a potion of lignification {unknown}
 n - a potion of invisibility {unknown}
 p - 3 potions of berserk rage {unknown}
 s - 3 potions of attraction {unknown}
 u - 4 potions of brilliance {unknown}
 x - a potion of haste {unknown}
 z - a potion of heal wounds
 A - a potion of degeneration {unknown}
 B - a potion of magic {unknown}
 H - a potion of might {unknown}


   Skills:
 + Level 6.1 Fighting
 - Level 6.6 Throwing
 + Level 10.3 Dodging
 + Level 3.5 Shields
 + Level 8.7 Unarmed Combat
 + Level 1.9 Spellcasting
 + Level 2.7 Translocations
 + Level 1.1 Evocations


You had 11 spell levels left.
You knew the following spells:

 Your Spells              Type           Power      Damage    Failure   Level
a - Blink                 Tloc           4%         N/A       50%         2

Your spell library contained the following spells:

 Spells                   Type           Power      Damage    Failure   Level
 Gell's Gravitas          Tloc           2%         N/A       73%         3
 Lesser Beckoning         Tloc           2%         N/A       73%         3
 Teleport Other           Tloc           2%         N/A       73%         3
 Freeze                   Ice            0%         1d3       75%         1
 Static Discharge         Conj/Air       0%         N/A       86%         2
 Frozen Ramparts          Ice            0%         1d2       98%         3
 Dispel Undead            Necr           0%         3d6       100%        4
 Hailstorm                Conj/Ice       0%         3d3       100%        4
 Sticky Flame             Conj/Fire      0%         2d3       100%        4
 Blade Hands              Tmut           0%         N/A       100%        5
 Lightning Bolt           Conj/Air       0%         1d11      100%        5
 Manifold Assault         Tloc           2%         N/A       100%        5
 Iron Shot                Conj/Erth      0%         9d1       100%        6
 Maxwell's Capacitive Co  Air            0%         ∞         100%        8
 Chain Lightning          Conj/Air       0%         N/A       100%        9
 Fire Storm               Conj/Fire      0%         5d1       100%        9
 Shatter                  Erth           0%         3d5*      100%        9
 Animate Armour           Summ/Erth      Unusable   N/A       N/A         4

Dungeon Overview and Level Annotations

Branches:
Dungeon (12/15)            Temple (0/1) D:4         Ossuary (visited)
   Lair: D:8-11         Orc: D:9-12

Altars:
Cheibriados
Fedhas
Kikubaaqudgha
Okawaru
Sif Muna
Xom
Yredelemnul

Shops:
D:3 [   D:8 (


Innate Abilities, Weirdness & Mutations

You are too large for most types of armour.
You have claws for hands.
Your natural rate of healing is unusually fast.
You are covered in fur. (AC +1)
You have tough skin. (AC +1)


Message History

You scratch the meliai.
The meliai is almost dead.
The meliai hits you with a +0 war axe! You block the meliai's attack.
The meliai misses you. x2
You barely miss the meliai.
The meliai is almost dead.
The meliai calls down the wrath of its god upon you.
Something smites you! You block the meliai's attack.
The meliai completely misses you.
You barely miss the meliai.
The meliai is severely wounded.
The meliai invokes the aid of its god against you.
Something smites you!
You closely miss the meliai.
The meliai is severely wounded.
The meliai completely misses you. You block the meliai's attack.
The meliai calls down the wrath of its god upon you.
Something smites you!
* * * LOW HITPOINT WARNING * * *
You barely miss the meliai.
The meliai is severely wounded.
The meliai calls down the wrath of its god upon you.
Something smites you!
* * * LOW HITPOINT WARNING * * *
The meliai misses you. You block the meliai's attack.
Throw: 5 large rocks
Press: ? - help, Q - select action, (/) - cycle Shift-Dir - straight line, f/p - meliai
Aim: a meliai, wielding a +0 war axe and wearing a +0 robe (severely wounded, 48% to hit)
Okay, then.
You barely miss the meliai.
The meliai is severely wounded.
The meliai hits you with a +0 war axe!
* * * LOW HITPOINT WARNING * * *
The meliai stings you but does no damage.
You block the meliai's attack. x2
You barely miss the meliai.
The meliai is severely wounded.
The meliai invokes the aid of its god against you.
Something smites you!
You die...

#........# #.####### #
#........# #.......# #
#######+## #######.# #..#
##########'### ######'####
#....(.......#
#.........####..(.........#
#.........##.'............#
#.........#.y#............#
#.........#@##............#
#.........#.##............#
#.........'.##............+
#.........####............#
#>........# ##'###########
####)###### #.# #....# ##.#
####.# #..# #.# #.##


You could see a meliai.

Vanquished Creatures
  Erolcha (D:10)
  3 two-headed ogres
  Lodul (D:10)
  Pikel (D:4)
  A cyclops (D:11)
  Maurice (D:9)
  A komodo dragon (D:12)
  A kobold demonologist (D:11)
  3 trolls
  A meliai (D:12)
  Prince Ribbit (D:7)
  A vampire (D:12)
  Sigmund (D:3)
  3 wyverns
  A wraith (D:11)
  2 steam dragons
  A vampire mosquito (D:11)
  2 water moccasins
  Duvessa (D:7)
  2 orc warriors
  2 sky beasts
  A black bear (D:12)
  10 ogres
  6 centaurs
  4 lemures
  A kobold brigand (D:9)
  6 bullfrogs
  2 necrophages (D:6)
  3 gnoll sergeants
  6 wights
  Dowan (D:7)
  11 killer bees
  2 howler monkeys (D:9)
  5 hounds
  2 jellies
  14 orc priests
  A gnoll shaman (D:7)
  3 iguanas
  10 orc wizards
  Ijyb (D:4)
  8 mummies (Ossuary)
  14 gnolls
  4 adders
  A shadow imp (D:7)
  A white imp (D:6)
  An ufetubus (D:6)
  A worm (D:5)
  2 dart slugs (D:3)
  35 orcs
  3 ball pythons
  7 endoplasms
  4 giant cockroaches
  3 gnoll zombies (Ossuary)
  9 goblins
  8 hobgoblins
  11 jackals
  3 quokkas
  8 bats
  4 frilled lizards
  2 hobgoblin zombies (Ossuary)
  9 kobolds
  A kobold zombie (Ossuary)
  2 orc zombies (Ossuary)
  3 rats
264 creatures vanquished.

Vanquished Creatures (others)
  A kobold (D:9)
  34 fungi (D:11)
  43 plants (D:11)
78 creatures vanquished.

Grand Total: 342 creatures vanquished

Notes
Turn   | Place    | Note
-------+----------+-------------------------------------------
     0 | D:1      | dohliylev the Troll Warper began the quest for the Orb.
     0 | D:1      | Reached XP level 1. HP: 19/19 MP: 1/1
    72 | D:1      | Reached skill level 2 in Dodging
   254 | D:1      | Reached XP level 2. HP: 27/27 MP: 2/2
   261 | D:1      | Learned a level 2 spell: Blink
  1009 | D:2      | You fall into a shaft and drop 2 floors!
  1014 | D:4      | Noticed Ijyb
  1023 | D:4      | Killed Ijyb
  1024 | D:4      | Reached XP level 3. HP: 17/35 MP: 3/3
  1085 | D:4      | Found the +1 Delatra's gloves {ID++}
  1203 | D:4      | Noticed a lemure
  1205 | D:4      | Noticed a lemure
  1207 | D:4      | Noticed Pikel
  1247 | D:3      | Killed a lemure
  1248 | D:3      | Noticed Sigmund
  1277 | D:3      | Reached XP level 4. HP: 39/42 MP: 4/4
  1323 | D:3      | Killed Sigmund
  1324 | D:3      | Reached skill level 3 in Dodging
  1324 | D:3      | Reached XP level 5. HP: 16/49 MP: 5/5
  1473 | D:2      | Found a faded altar of an unknown god.
  1749 | D:2      | Reached XP level 6. HP: 57/57 MP: 6/6
  1849 | D:2      | Found an iron altar of Okawaru.
  1857 | D:2      | Became a worshipper of Warmaster Okawaru
  2291 | D:3      | Found Esoes's Armour Boutique.
  2625 | D:4      | Reached skill level 5 in Unarmed Combat
  2775 | D:4      | Found a staircase to the Ecumenical Temple.
  3007 | D:4      | Found a blossoming altar of Fedhas.
  3200 | D:4      | Killed Pikel
  3200 | D:4      | Reached * piety under Okawaru
  3200 | D:4      | Reached ** piety under Okawaru
  3201 | D:4      | Reached skill level 1 in Throwing
  3201 | D:4      | Reached skill level 4 in Dodging
  3201 | D:4      | Reached XP level 7. HP: 66/66 MP: 7/7
  3208 | D:5      | Entered Level 5 of the Dungeon
  3282 | D:5      | Found a sand-covered staircase.
  3292 | Ossuary  | Entered an ossuary
  3361 | Ossuary  | Reached XP level 8. HP: 64/74 MP: 8/8
  3531 | D:5      | Reached *** piety under Okawaru
  3730 | D:5      | Found a basalt altar of Yredelemnul.
  4017 | D:5      | Reached skill level 5 in Dodging
  4520 | D:6      | HP: 3/75 [ogre/+0 giant spiked club (25)]
  4594 | D:6      | Reached XP level 9. HP: 83/83 MP: 9/9
  4834 | D:6      | Reached **** piety under Okawaru
  4835 | D:6      | Reached skill level 6 in Dodging
  5322 | D:7      | Reached skill level 1 in Evocations
  5473 | D:7      | Noticed Dowan
  5485 | D:7      | Killed Dowan
  5485 | D:7      | Received a gift from Okawaru
  5505 | D:7      | Noticed Duvessa
  5512 | D:7      | Reached skill level 5 in Throwing
  5523 | D:7      | Killed Duvessa
  5655 | D:7      | Reached skill level 7 in Dodging
  5799 | D:7      | Noticed Prince Ribbit
  5813 | D:7      | Killed Prince Ribbit
  6319 | D:8      | Reached ***** piety under Okawaru
  6505 | D:8      | Identified the amulet "Ulodapp" {Reflect rC- rN+++ Str+8
                  | Int-5 SH+5}
  6509 | D:8      | Noticed a two-headed ogre
  6510 | D:8      | Found an ancient bone altar of Kikubaaqudgha.
  6759 | D:8      | Noticed a two-headed ogre
  6812 | D:8      | Killed a two-headed ogre
  6813 | D:8      | Reached XP level 10. HP: 69/94 MP: 9/11
  6959 | D:8      | Killed a two-headed ogre
  6960 | D:8      | Reached skill level 8 in Dodging
  7301 | D:8      | Received a gift from Okawaru
  7447 | D:8      | Found a shimmering blue altar of Sif Muna.
  7488 | D:8      | Found a shimmering altar of Xom.
  7500 | D:8      | Found a snail-covered altar of Cheibriados.
  7589 | D:8      | Found Vuokk's Weapon Shoppe.
  7717 | D:9      | Noticed Erolcha
  7725 | D:9      | Reached skill level 5 in Fighting
  7922 | D:10     | Entered Level 10 of the Dungeon
  7929 | D:10     | Killed Erolcha
  7930 | D:10     | Reached skill level 9 in Dodging
  8279 | D:9      | Noticed a two-headed ogre
  8288 | D:9      | Killed a two-headed ogre
  8289 | D:9      | Reached skill level 1 in Shields
  8362 | D:9      | Reached XP level 11. HP: 59/104 MP: 12/12
  8399 | D:9      | Noticed Maurice
  8421 | D:9      | Killed Maurice
  8819 | D:10     | Noticed Lodul
  8835 | D:10     | Killed Lodul
  9338 | D:10     | Reached skill level 10 in Dodging
  9542 | D:11     | Received a gift from Okawaru
 10090 | D:12     | Killed from afar by a meliai

Illustrated notes

Levels and vault maps discovered:
D:1:      kilobyte_arrival_exit_the_forest, layout_loops_ring, minmay_cupped
D:2:      layout_basic, shapermc_ecumenical_altar_totnotflames, basic_altar
D:3:      layout_rooms, serial_shops, nicolae_shop_behind_doors,
          kennysheep_generic_room_13, uniq_sigmund
D:4:      layout_loops_ring, fedhas_altar_4,
          minmay_temple_entry_statues_fountains, uniq_pikel, uniq_ijyb
D:5:      layout_basic, lemuel_crystal_altar, nicolae_ossuary_entry_ruins
D:6:      layout_loops_ring
D:7:      layout_loops_ring, minmay_increasing_density, uniq_prince_ribbit1,
          uniq_crazy_yiuf_cottage, uniq_duvessa
D:8:      nicolae_cairo_tiling_large, layout_loops_ring,
          grunt_temple_overflow_cloverleaf, serial_co_window_serial,
          co_window_paths_b, co_window_corner_a, co_window_paths_a,
          co_window_corner_a, co_window_paths_a, co_window_unsneaky_path_e,
          co_window_broadway_b, co_window_unsneaky_path_c,
          co_window_of_opportunity_b, co_window_2corner, co_window_paths_e,
          glass_columns_b, serial_shops, shop, bh_walls_and_bars
D:9:      layout_basic, uniq_maurice, uniq_erolcha
D:10:     layout_loops_ring, uniq_lodul
D:11:     layout_cave_pools, due_lair_maze_entry_diamond,
          nicolae_wooded_promenade, minmay_misc_feat_plants
D:12:     layout_roguey [special_room_bee], minmay_orc_entry_temple_small

Skill      XL: |  1  2  3  4  5  6  7  8  9 10 11 |
---------------+----------------------------------+-----
Dodging        | 2 3 4 5 7 9 10 | 10.3
Unarmed Combat | 3 4 7 8 |  8.7
Fighting       | 2 3 4 5 6 |  6.1
Throwing       | 1 3 6 |  6.6
Evocations     | 1 |  1.1
Shields        | 1 3 |  3.5
Spellcasting   | |  1.9
Translocations | |  2.7

Action                   |  1- 3 |  4- 6 |  7- 9 | 10-12 || total
-------------------------+-------+-------+-------+-------++-------
Melee: Unarmed           |   112 |   205 |   281 |   260 ||   858
       Punch             |     4 |     4 |    12 |     8 ||    28
Throw: Boomerang         |       |     4 |    76 |    52 ||   132
       Javelin           |       |       |       |     3 ||     3
       Large rock        |       |       |       |    10 ||    10
 Cast: Blink             |       |       |     1 |       ||     1
Evoke: Wand              |       |     3 |     2 |       ||     5
  Use: Scroll            |       |       |    11 |     7 ||    18
       Potion            |       |       |       |     1 ||     1
 Stab: Sleeping          |       |     1 |       |       ||     1
Armor: Robe              |    29 |    44 |    43 |    36 ||   152
Dodge: Dodged            |    74 |   138 |   259 |   198 ||   669
Block: Other             |       |       |       |    30 ||    30
       Reflection        |       |       |       |     5 ||     5
       Kite shield       |       |       |       |    84 ||    84

Table legend: (Time is in decaauts)
 A = Elapsed time spent in this place.
 B = Non-inter-level travel time spent in this place.
 C = Inter-level travel time spent in this place.
 D = Time resting spent in this place.
 E = Time spent auto-exploring this place.
 F = Levels seen in this place.
 G = Mean time per level.
                   A        B        C        D        E       F      G
               +--------+--------+--------+--------+--------+-----+--------+
         Total |  10021 |   9676 |    345 |    903 |   6130 |  13 |  770.8 |
       Dungeon |   9871 |   9526 |    345 |    903 |   6081 |  12 |  822.6 |
       Ossuary |    149 |    149 |      0 |      0 |     49 |   1 |  149.0 |
               +--------+--------+--------+--------+--------+-----+--------+

Top non-repeatable levels by time:
     D:8: 1323 daAuts
     D:7: 1194 daAuts
     D:1: 959 daAuts
     D:9: 935 daAuts
     D:6: 891 daAuts
    D:10: 887 daAuts
     D:5: 868 daAuts
     D:4: 868 daAuts
     D:2: 682 daAuts
     D:3: 682 daAuts
    D:12: 437 daAuts
 Ossuary: 149 daAuts
    D:11: 141 daAuts
